 Dungeon Crawl Stone Soup version 0.29-a0-732-g3d7fbe0af2 (webtiles) character file.

Game seed: 9701822557868674351

4120 zeratav the Marksspriggan (level 10, -7/46 HPs)
             Began as a Spriggan Hunter on June 29, 2022.
             Was an Elder of Dithmenos.
             Mangled by a two-headed ogre
             ... wielding a +0 giant club
              (34 damage)
             ... on level 8 of the Dungeon.
             The game lasted 00:12:17 (7318 turns).

zeratav the Marksspriggan (Spriggan Hunter)         Turns: 7318, Time: 00:12:18

Health: -7/46      AC:  2    Str:  7    XL:     10   Next: 6%
Magic:  11/11      EV: 19    Int: 12    God:    Dithmenos [****..]
Gold:   1524       SH:  0    Dex: 28    Spells: 9/9 levels left

rFire   . . .      SeeInvis +   p - +0 arbalest {crossbow}
rCold   . . .      Faith    .   (shield currently unavailable)
rNeg    . . .      Spirit   .   c - +0 robe
rPois   .          Reflect  .   (helmet restricted)
rElec   .          Harm     .   (no cloak)
rCorr   .          Rampage  .   (gloves unavailable)
Will    +....                   (boots unavailable)
Stlth   +++++.....              o - amulet of regeneration {@e2}
HPRegen 0.95/turn               k - +6 ring of dexterity
MPRegen 0.12/turn               (no ring)

@: wreathed by umbra, very quick
A: very small, no large weapons, unfitting armour, see invisible, speed 3
a: Renounce Religion, Shadow Step


You were on level 8 of the Dungeon.
You worshipped Dithmenos.
Dithmenos was greatly pleased with you.
You visited 2 branches of the dungeon, and saw 9 of its levels.
You also visited: Sewer and Ossuary.

You collected 1554 gold pieces.
You spent 30 gold pieces at shops.


Innate Abilities, Weirdness & Mutations

You are very small and have problems with some larger weapons.
You are too small for most types of armour.
You have supernaturally acute eyesight. (SInv)
You cover ground extremely quickly. (Speed+++)


   Skills:
 - Level 1.5 Fighting
 + Level 17.1 Ranged Weapons
 - Level 2.6 Dodging
 - Level 5.0 Stealth


You had 9 spell levels left.
You didn't know any spells.
Your spell library contained the following spells:

 Spells                   Type           Power      Damage    Failure   Level
 Apportation              Tloc           0%         N/A       32%         1
 Necrotize                Necr           0%         1d4       32%         1
 Summon Small Mammal      Summ           0%         N/A       32%         1
 Blink                    Tloc           0%         N/A       45%         2
 Portal Projectile        Hex/Tloc       0%         N/A       69%         3
 Stone Arrow              Conj/Erth      0%         3d7       69%         3
 Tukima's Dance           Hex            0%         N/A       69%         3
 Animate Armour           Summ/Erth      0%         N/A       97%         4
 Animate Dead             Necr           0%         N/A       97%         4
 Blade Hands              Tmut           0%         N/A       100%        5
 Borgnjor's Vile Clutch   Necr/Erth      0%         N/A       100%        5
 Death Channel            Necr           0%         N/A       100%        6
 Iron Shot                Conj/Erth      0%         9d1       100%        6
 Borgnjor's Revivificati  Necr           0%         N/A       100%        8
 Lehudib's Crystal Spear  Conj/Erth      0%         10d2      100%        8
 Death's Door             Necr           0%         N/A       100%        9

Inventory:

Hand Weapons
 a - a +0 shortbow {bow}
 e - a +1 dagger of freezing {short}
   (You took it off a kobold on level 1 of the Dungeon)
 p - a +0 arbalest (weapon) {crossbow}
   (You found it on level 3 of the Dungeon)
 N - a +2 flail of protection {mace}
   (You found it on level 7 of the Dungeon)
Armour
 c - a +0 robe (worn)
Jewellery
 k - a +6 ring of dexterity (left hand)
   (You found it on level 2 of the Dungeon)
 o - an amulet of regeneration (around neck) {@e2}
   (You found it on level 3 of the Dungeon)
 q - a ring of flight
   (You found it on level 4 of the Dungeon)
 D - an amulet of the acrobat
   (You found it on level 6 of the Dungeon)
 H - a ring of magical power
   (You found it on level 7 of the Dungeon)
Wands
 m - a wand of mindburst (5)
   (You found it in a sewer)
 A - a wand of iceblast (7)
   (You took it off a gnoll on level 5 of the Dungeon)
 C - a wand of polymorph (14)
   (You took it off a gnoll on level 5 of the Dungeon)
 F - a wand of charming (22)
   (You found it on level 6 of the Dungeon)
 K - a wand of flame (20)
   (You found it on level 7 of the Dungeon)
 M - a wand of quicksilver (15)
   (You found it on level 7 of the Dungeon)
Scrolls
 b - a scroll of immolation {!r!r}
 d - 5 scrolls of teleportation {@r4}
 j - 2 scrolls of torment {!r}
 l - a scroll of magic mapping {!r}
 n - 2 scrolls of blinking {!r}
 s - 3 scrolls of amnesia
 t - 3 scrolls of enchant weapon
 v - a scroll of poison {!r}
 x - 2 scrolls of enchant armour
 y - a scroll of fog
 J - a scroll of brand weapon {unknown}
 L - a scroll of silence {unknown}
Potions
 f - 7 potions of curing {@q1}
 g - 5 potions of mutation {unknown}
 h - a potion of might {unknown}
 i - a potion of haste {unknown}
 r - a potion of degeneration {unknown}
 u - a potion of attraction {unknown}
 w - 2 potions of resistance {unknown}
 z - 4 potions of heal wounds {unknown}
 E - a potion of magic {unknown}
 I - a potion of cancellation {unknown}

Dungeon Overview and Level Annotations

Branches:
Dungeon (8/15) Zot: 26818  Temple (1/1) D:4 Zot: 5778   Sewer (visited)
Ossuary (visited)
   Lair: D:8-11

Altars:
Ashenzari
Cheibriados
Dithmenos
Elyvilon
Fedhas
Gozag
Hepliaklqana
Kikubaaqudgha
Nemelex Xobeh
Okawaru
Qazlal
Ru
Trog
Uskayaw
Vehumet
Wu Jian
Xom
Yredelemnul
Zin
The Shining One

Shops:
D:1 * D:5

* #.....##..######....#
..........##.......## #..
....†.............######.####
#'######....................# .
#.....##.........#..........# ..
........[.......#####+##....#...
.†........##'#####....##........
..........##....##....##....####
#.....######....@O..........#$(!
#.....##..##....##....##.O..#(>[
..........########....##....#[$$
..........# #....#####.####
#.....##...# #....# .....
#####+# ...# #.....+ .... # .##
#.....# ... # # ....... ##. #
.######.


You could see a two-headed ogre.


Message History

Your shadow shoots a bolt.
The bolt hits the yak!
You kill the yak!
Dithmenos accepts your kill.
HP[+1] No target in view!
No target in view!
As you read the scroll of identify {@r1}, it crumbles to dust.
j - 2 scrolls of torment HP[+1]
As you read the scroll of identify {@r1}, it crumbles to dust.
x - 2 scrolls of enchant armour HP[+1]
As you read the scroll of identify {@r1}, it crumbles to dust.
y - a scroll of fog HP[+1]
As you read the scroll of identify {@r1}, it crumbles to dust.
G - a scroll of acquirement HP[+1]
Okay, then.
Unknown command.
Okay, then.
Something appears at your feet!
HP[+1] Unknown command.
You now have 1524 gold pieces (gained 1127).
HP[+1]
An acid dragon comes into view.
HP[+7]
Your hp is fully restored (41).
You shoot a bolt. The acid dragon roars!
The bolt hits the acid dragon but does no damage.
No target in view!
No target in view!
You shoot a bolt. The bolt hits the acid dragon!!
You shoot a bolt.
The bolt closely misses the acid dragon.
The acid dragon spits acid at you. The splash of acid hits you!!
Ouch! That really hurt!
* * * LOW HITPOINT WARNING * * *
You emit a cloud of dark smoke.
The acid corrodes you!
HP[-30]
You take 30 damage, and now have 11/41 hp.
MASSIVE DAMAGE!! (PAUSE) Fire: p) +0 arbalest {crossbow}
Press: ? - help, Q - select action, (/) - cycle Shift-Dir - straight line, f/p - acid dragon
Aim: an acid dragon (almost dead, catching its breath)
You shoot a bolt. The bolt hits the acid dragon!
You kill the acid dragon!
Dithmenos accepts your kill.
The acid dragon scales are intact enough to wear.
HP[+1]
You start resting.
You are no longer corroded.
HP[+10]
You regained 10 hp, and now have 22/41 hp.
You start resting.
HP[+19]
Your hp is fully restored (41).
Things that are here:
+0 acid dragon scales; an acid dragon corpse
F - a wand of charming (16) (gained 7 charges)
F - a wand of charming (22) (gained 6 charges)
You open the door.
There is an open door here.
Found a glowing ring mail.
Found an escape hatch in the floor.
A two-headed ogre comes into view.
It is wielding a +0 dire flail and a +0 giant club.
You shoot a bolt.
The bolt hits the two-headed ogre but does no damage.
The two-headed ogre shouts in stereo!
Your shadow shoots a bolt.
The bolt hits the two-headed ogre.
You shoot a bolt. The bolt hits the two-headed ogre!
You shoot a bolt. The bolt hits the two-headed ogre!
You shoot a bolt.
The bolt barely misses the two-headed ogre.
You shoot a bolt. The bolt hits the two-headed ogre!
The two-headed ogre completely misses you.
The two-headed ogre misses you.
A two-headed ogre comes into view. It is wielding two +0 giant clubs.
You shoot a bolt. The bolt hits the two-headed ogre.
You shoot a bolt. The bolt hits the two-headed ogre!
You shoot a bolt. The bolt hits the two-headed ogre.
You shoot a bolt. The bolt hits the two-headed ogre.
You kill the two-headed ogre!
Dithmenos accepts your kill.
Your Ranged Weapons skill increases to level 17!
You have reached level 10!
You feel clever.
HP[+5] MP[+1]
You now have 46 max hp (+5).
Your hp is fully restored (46).
Your mp is fully restored (11).
You shoot a bolt.
The bolt hits the two-headed ogre but does no damage.
You shoot a bolt. The bolt hits the two-headed ogre.
You shoot a bolt. The bolt hits the two-headed ogre!!
The two-headed ogre hits you with a +0 giant club!! x2
Ouch! That really hurt!
You die...

Skill      XL: |  1  2  3  4  5  6  7  8  9 |
---------------+----------------------------+-----
Ranged Weapons | 5 6 8 9 10 11 14 17 | 17.1
Stealth        | 3 5 |  5.0
Fighting       | |  1.5
Dodging        | |  2.6

Action                   |  1- 3 |  4- 6 |  7- 9 | 10-12 || total
-------------------------+-------+-------+-------+-------++-------
 Fire: Shortbow          |   116 |    71 |       |       ||   187
       Arbalest          |       |    40 |   297 |     3 ||   340
Evoke: Wand              |       |       |     3 |       ||     3
  Use: Scroll            |       |       |    11 |       ||    11
Armor: Robe              |     2 |     2 |     3 |       ||     7
Dodge: Dodged            |    38 |    24 |    35 |       ||    97

Levels and vault maps discovered:
D:1:      evilmike_arrival_plus, layout_loops_ring, serial_shops, shop
D:2:      minmay_general_purpose_star, layout_loops_ring,
          ebering_ecumenical_altar_webs
D:3:      layout_basic, slow_altar_1, portal_sewer_entry_f
D:4:      layout_basic, minmay_temple_entry_mini_moons, uniq_eustachio
D:5:      layout_cave_pools, nicolae_gozag_zags_fifth_avenue,
          trog_butcher_becter, nicolae_ossuary_entry_monument,
          serial_gnoll_camp, gnoll_camp_mini_house, gnoll_camp_huts_moat,
          gnoll_camp_mini_sergeant, gnoll_camp_mini_hut, gnoll_camp_mini_house,
          uniq_duvessa, uniq_grinder
D:6:      layout_basic, ashenzari_conservatory_becter
D:7:      layout_loops_ring, serial_co_window_serial, co_window_paths_a,
          co_window_paths_b, co_window_paths_a, co_window_corner_a,
          co_window_paths_b, co_window_paths_b, co_window_unsneaky_path_c,
          co_window_corner_b, co_window_corner_ca, co_window_paths_e
D:8:      layout_gridville, makhleb_grotto_becter, nicolae_straight_to_the_point
Temple:   minmay_temple_bridge_d

Notes
Turn   | Place    | Note
-------+----------+-------------------------------------------
     0 | D:1      | zeratav the Spriggan Hunter began the quest for the Orb.
     0 | D:1      | Reached XP level 1. HP: 10/10 MP: 2/2
     0 | D:1      | magus.rc [v1.9.6]
    38 | D:1      | Reached skill level 5 in Ranged Weapons
    72 | D:1      | Found Voexass's General Store.
    73 | D:1      | You fall into a shaft and drop 1 floor!
   104 | D:2      | Reached XP level 2. HP: 10/14 MP: 3/3
   562 | D:1      | Bought a potion of curing for 30 gold pieces
   636 | D:1      | Reached skill level 6 in Ranged Weapons
   701 | D:1      | You pick up a book of Weapons and begin reading...
   701 | D:1      | You add the spells Tukima's Dance, Portal Projectile and
                  | Blade Hands to your library.
   775 | D:1      | Reached XP level 3. HP: 18/18 MP: 4/4
  1395 | D:2      | Found a faded altar of an unknown god.
  1463 | D:2      | You pick up a book of Unlife and begin reading...
  1463 | D:2      | You add the spells Animate Dead, Borgnjor's Vile Clutch and
                  | Death Channel to your library.
  1748 | D:3      | Found a glowing drain.
  1773 | Sewer    | Entered a sewer
  1803 | Sewer    | Reached XP level 4. HP: 22/22 MP: 5/5
  1891 | Sewer    | Reached skill level 7 in Ranged Weapons
  1963 | Sewer    | Noticed a bullfrog
  1969 | Sewer    | Killed a bullfrog
  1970 | Sewer    | Reached skill level 8 in Ranged Weapons
  1970 | Sewer    | Reached XP level 5. HP: 20/25 MP: 6/6
  2103 | D:3      | Found a snail-covered altar of Cheibriados.
  2795 | D:4      | You pick up a book of Iron and begin reading...
  2795 | D:4      | You add the spells Animate Armour and Iron Shot to your
                  | library.
  3109 | D:4      | Found a staircase to the Ecumenical Temple.
  3112 | D:4      | You pick up a book of Armaments and begin reading...
  3112 | D:4      | You add the spells Stone Arrow and Lehudib's Crystal Spear
                  | to your library.
  3119 | Temple   | Entered the Ecumenical Temple
  3414 | Temple   | Became a worshipper of Dithmenos the Shadowed
  3656 | D:4      | Noticed Eustachio
  3674 | D:4      | Killed Eustachio
  3675 | D:4      | Reached skill level 9 in Ranged Weapons
  3675 | D:4      | Reached XP level 6. HP: 29/30 MP: 7/7
  3921 | D:5      | Entered Level 5 of the Dungeon
  3935 | D:5      | Noticed Grinder
  3950 | D:5      | Noticed an ice beast
  3954 | D:5      | Killed an ice beast
  3955 | D:5      | Reached skill level 10 in Ranged Weapons
  3955 | D:5      | Reached skill level 3 in Stealth
  3955 | D:5      | Reached XP level 7. HP: 33/33 MP: 8/8
  3961 | D:5      | Killed Grinder
  3962 | D:5      | Reached skill level 5 in Stealth
  4100 | D:5      | Reached skill level 11 in Ranged Weapons
  4134 | D:5      | Found a sand-covered staircase.
  4143 | Ossuary  | Entered an ossuary
  4165 | Ossuary  | Reached * piety under Dithmenos
  4311 | Ossuary  | Reached ** piety under Dithmenos
  4470 | Ossuary  | Noticed Menkaure
  4472 | Ossuary  | Killed Menkaure
  4473 | Ossuary  | Reached XP level 8. HP: 22/37 MP: 9/9
  4602 | D:5      | Reached skill level 12 in Ranged Weapons
  4612 | D:5      | Identified the +4 long sword of Hard Scrabble {vorpal, rF+
                  | MP+9}
  4647 | D:5      | Found a bloodstained altar of Trog.
  4787 | D:5      | Found an opulent altar of Gozag.
  4815 | D:5      | Reached *** piety under Dithmenos
  4836 | D:5      | Reached skill level 13 in Ranged Weapons
  4871 | D:5      | You add the spells Apportation, Blink, Borgnjor's
                  | Revivification and Death's Door to your library.
  4871 | D:5      | Got the Catalogue of Warped Black Rituals
  5159 | D:5      | Noticed Dowan
  5161 | D:5      | Noticed Duvessa
  5164 | D:5      | Killed Dowan
  5165 | D:5      | Reached skill level 14 in Ranged Weapons
  5165 | D:5      | Killed Duvessa
  5166 | D:5      | Reached XP level 9. HP: 41/41 MP: 10/10
  5179 | D:5      | Found Gozag's Platinum Reserve.
  5620 | D:6      | Reached skill level 15 in Ranged Weapons
  5833 | D:6      | Found a broken altar of Ashenzari.
  6141 | D:7      | Reached **** piety under Dithmenos
  6686 | D:7      | You pick up a book of Cantrips and begin reading...
  6686 | D:7      | You add the spells Necrotize and Summon Small Mammal to
                  | your library.
  7189 | D:8      | Reached skill level 16 in Ranged Weapons
  7213 | D:8      | Identified a scroll of acquirement
  7214 | D:8      | Acquired 1127 gold pieces
  7298 | D:8      | Noticed a two-headed ogre
  7309 | D:8      | Noticed a two-headed ogre
  7315 | D:8      | Killed a two-headed ogre
  7316 | D:8      | Reached skill level 17 in Ranged Weapons
  7316 | D:8      | Reached XP level 10. HP: 46/46 MP: 11/11
  7318 | D:8      | Mangled by a two-headed ogre

Vanquished Creatures
  A two-headed ogre (D:8)
  Grinder (D:5)
  Eustachio (D:4)
  3 yaks (D:8)
  A steam dragon (D:6)
  Menkaure (Ossuary)
  Duvessa (D:5)
  An acid dragon (D:8)
  2 water moccasins
  3 ice beasts
  An ogre (D:6)
  2 bullfrogs
  2 necrophages
  5 gnoll sergeants (D:5)
  4 scorpions
  Dowan (D:5)
  2 jellies
  3 hounds (D:5)
  2 orc priests (D:6)
  2 gnoll shamans (D:5)
  3 iguanas
  4 orc wizards
  4 mummies
  23 gnolls (D:5)
  3 adders
  A worm (D:5)
  3 dart slugs
  17 orcs
  5 bats
  4 endoplasms
  14 giant cockroaches
  4 gnoll zombies (Ossuary)
  8 goblins
  5 hobgoblins
  7 jackals
  7 kobolds
  9 quokkas
  7 ball pythons
  10 frilled lizards
  3 gnoll skeletons (Ossuary)
  2 goblin skeletons (Ossuary)
  6 goblin zombies (Ossuary)
  4 hobgoblin skeletons (Ossuary)
  A hobgoblin zombie (Ossuary)
  2 kobold skeletons (Ossuary)
  4 kobold zombies (Ossuary)
  6 orc skeletons (Ossuary)
  6 orc zombies (Ossuary)
  7 rats
  8 rat skeletons (Ossuary)
  4 rat zombies (Ossuary)
230 creatures vanquished.

Table legend:
 A = Non-vault XP
 B = Vault XP
 C = Vault XP percentage of total XP
 D = Non-vault monster count
 E = Vault monster count
 F = Vault count percentage of total count
                 A         B        C        D         E       F
            +---------+---------+-------+---------+---------+-------
      Total |    3719 |    2167 |  36.8 |      97 |     133 |  57.8
            +---------+---------+-------+---------+---------+-------
        D:1 |      34 |       0 |   0.0 |      20 |       0 |   0.0
        D:2 |      18 |      16 |  47.1 |      10 |       3 |  23.1
        D:3 |     107 |      28 |  20.7 |      19 |       6 |  24.0
        D:4 |      13 |     202 |  94.0 |       6 |       1 |  14.3
        D:5 |     655 |    1481 |  69.3 |      10 |      45 |  81.8
        D:6 |     836 |       0 |   0.0 |      14 |       0 |   0.0
        D:7 |     400 |       0 |   0.0 |      12 |       0 |   0.0
        D:8 |    1656 |       0 |   0.0 |       6 |       0 |   0.0
      Sewer |       0 |     159 | 100.0 |       0 |      24 | 100.0
    Ossuary |       0 |     281 | 100.0 |       0 |      54 | 100.0
            +---------+---------+-------+---------+---------+-------

Illustrated notes

Table legend:
 A = Kills in this place as a percentage of kills in entire the game.
 B = Kills by you in this place as a percentage of kills by you in the entire game.
 C = Kills by friends in this place as a percentage of kills by friends in the entire game.
 D = Other kills in this place as a percentage of other kills in the entire game.
 E = Experience gained in this place as a percentage of experience gained in the entire game.
 F = Experience gained in this place divided by the number of levels of this place that you have seen.
                   A       B       C       D       E      F
               +-------+-------+-------+-------+-------+----------------------
         Total | 100.0 | 100.0 |   N/A |   N/A | 100.0 | 535.1
       Dungeon |  66.1 |  66.1 |   N/A |   N/A |  92.5 | 680.8
         Sewer |  10.4 |  10.4 |   N/A |   N/A |   2.7 | 159.0
       Ossuary |  23.5 |  23.5 |   N/A |   N/A |   4.8 | 281.0
               +-------+-------+-------+-------+-------+----------------------

Table legend: (Time is in decaauts)
 A = Elapsed time spent in this place.
 B = Non-inter-level travel time spent in this place.
 C = Inter-level travel time spent in this place.
 D = Time resting spent in this place.
 E = Time spent auto-exploring this place.
 F = Levels seen in this place.
 G = Mean time per level.
                   A        B        C        D        E       F      G
               +--------+--------+--------+--------+--------+-----+--------+
         Total |   5078 |   4811 |    267 |    208 |   3558 |  11 |  461.6 |
       Dungeon |   4279 |   4099 |    180 |    208 |   3091 |   8 |  534.9 |
        Temple |    221 |    134 |     87 |      0 |    127 |   1 |  221.0 |
         Sewer |    257 |    257 |      0 |      0 |    176 |   1 |  257.0 |
       Ossuary |    321 |    321 |      0 |      0 |    163 |   1 |  321.0 |
               +--------+--------+--------+--------+--------+-----+--------+

Top non-repeatable levels by time:
     D:5: 709 daAuts
     D:7: 645 daAuts
     D:3: 635 daAuts
     D:1: 571 daAuts
     D:2: 532 daAuts
     D:4: 527 daAuts
     D:6: 477 daAuts
 Ossuary: 321 daAuts
   Sewer: 257 daAuts
  Temple: 221 daAuts
     D:8: 180 daAuts
